 Dungeon Crawl Stone Soup version 0.19-a0-1401-g902f63d (webtiles) character file.

907 4thArraOfDagon the Grappler (level 7, 12/59 HPs)
             Began as a Troll Ice Elementalist on Sept 4, 2016.
             Was an Initiate of Ashenzari.
             Quit the game on level 8 of the Dungeon.
             The game lasted 00:05:00 (1022 turns).

4thArraOfDagon the Grappler (TrIE)                  Turns: 1022, Time: 00:05:01

Health: 12/59      AC:  5    Str: 22    XL:     7   Next: 81%
Magic:  7/7        EV: 10    Int: 13    God:    Ashenzari [......]
Gold:   95         SH:  0    Dex: 10    Spells: 1 memorised, 7 levels left

rFire  . . .     SeeInvis .       - Unarmed
rCold  . . .     Gourm    +     a - +0 robe
rNeg   . . .     Faith    .     (no shield)
rPois  .         Spirit   .     (helmet restricted)
rElec  .         Dismiss  .     (no cloak)
rCorr  .         Reflect  .     (gloves unavailable)
MR     .....     Harm     .     (boots unavailable)
Stlth  +.........               (no amulet)
                                (no ring)
                                (no ring)

@: mighty, quite poisoned (12 -> 7)
A: unfitting armour, claws 3, fast metabolism 3, gourmand, regeneration 1,
shaggy fur 1, tough skin 2
a: Curse Item, Renounce Religion


You were on level 8 of the Dungeon.
You worshipped Ashenzari.
Ashenzari was noncommittal.
You were full.

You visited 1 branch of the dungeon, and saw 8 of its levels.
You also visited: Ossuary.

You collected 95 gold pieces.

Inventory:

Hand Weapons
 f - a +0 giant club
Armour
 a - a +0 robe (worn)
Wands
 h - a wand of digging (10/24)
 l - a wand of flame (24/48)
Scrolls
 i - a scroll of recharging
Potions
 d - 2 potions of invisibility {unknown}
 e - a potion of berserk rage {unknown}
Books
 b - a book of Frost

   Spells                             Type                      Level
   a - Freeze                         Ice                          1
   b - Throw Frost                    Conjuration/Ice              2
   c - Ozocubu's Armour               Charms/Ice                   3
   d - Throw Icicle                   Conjuration/Ice              4
   e - Summon Ice Beast               Ice/Summoning                4
Comestibles
 c - 3 bread rations
 g - a slice of pizza


   Skills:
 - Level 1.5 Dodging
 - Level 1.1 Stealth
 * Level 8.9 Unarmed Combat
 - Level 1.2 Spellcasting
   Level 0.6 Conjurations
 - Level 2.1 Ice Magic


You had 7 spell levels left.
You knew the following spells:

 Your Spells              Type           Power        Failure   Level  Hunger
a - Freeze                Ice            #...         12%         1    ##.....


Dungeon Overview and Level Annotations

Branches:
Dungeon (8/15)
 Temple: D:4-7         Lair: D:8-11

Altars:
Ashenzari

Shops:
D:6 }


Innate Abilities, Weirdness & Mutations

You are too large for most types of armour.
You have claws for hands.
Your metabolism is lightning-fast.
You like to eat raw meat.
Your natural rate of healing is unusually fast.
You are covered in fur. (AC +1)
You have very tough skin. (AC +2)


Message History

The black bear claws you but does no damage.
The killer bee stings you!
You are poisoned.
The killer bee poisons you!
Unknown command.
As you read the scroll labeled EWEXKE EHEOH, it crumbles to dust.
You hear a loud clanging noise!
It was a scroll of noise.
You feel sick.
You hear an angry buzzing noise. x7; You hear a shout!
You hear an angry buzzing noise. x5; You hear a bark!
The killer bee stings you.
* * * LOW HITPOINT WARNING * * *
You are more poisoned.
The killer bee poisons you! The black bear barely misses you. x2
The black bear claws you.
* * * LOW HITPOINT WARNING * * *
The killer bee closely misses you.
A killer bee comes into view.
Unknown command.
Are you sure you want to abandon this character and quit the game? (Confirm with "yes".)

#.....# #... #.....# #.....
+.....# #### #......#.....#
#...
#.....##.....#########...
#....##.....##....)<#...
.###....##......+....))#...
.........h@.....#......#...
.........y.....#######'#...
...y....y......##......#...
........##.....##......#...
........##.....##.(....#...
#...[..................'...
#..#....##.....#########...
#.##....##.....#...........
#........#.....#...........


You could see a black bear and 3 killer bees.

Vanquished Creatures
  Prince Ribbit (D:8)
  An orc warrior (D:8)
  2 ogres
  2 scorpions
  A wight (D:6)
  3 orc priests
  3 orc wizards
  3 worker ants
  A hound zombie (D:7)
  A mummy (D:6)
  2 shadow imps
  An ooze (D:2)
  A giant gecko (D:4)
  10 orcs
  8 jackals
  A quokka (D:5)
  A kobold (D:1)
42 creatures vanquished.

Notes
Turn   | Place    | Note
-------+----------+-------------------------------------------
     0 | D:1      | 4thArraOfDagon the Troll Ice Elementalist began the quest for the Orb.
     0 | D:1      | Reached XP level 1. HP: 16/16 MP: 1/1
    39 | D:2      | Reached skill level 1 in Unarmed Combat
   106 | D:4      | Noticed a worker ant
   114 | D:4      | Killed a worker ant
   114 | D:4      | Reached skill level 2 in Unarmed Combat
   114 | D:4      | Reached XP level 2. HP: 16/24 MP: 2/2
   114 | D:4      | Reached XP level 3. HP: 21/31 MP: 3/3
   125 | D:5      | Entered Level 5 of the Dungeon
   248 | D:7      | Noticed a scorpion
   257 | D:7      | Reached skill level 3 in Unarmed Combat
   265 | D:7      | Killed a scorpion
   265 | D:7      | Reached skill level 4 in Unarmed Combat
   265 | D:7      | Reached XP level 4. HP: 30/39 MP: 4/4
   320 | D:7      | Noticed an ogre
   326 | D:7      | Killed an ogre
   326 | D:7      | Reached skill level 5 in Unarmed Combat
   326 | D:7      | Reached XP level 5. HP: 16/45 MP: 5/5
   355 | D:7      | Noticed a sky beast
   384 | D:6      | Found Zemif's Gadget Boutique.
   456 | D:6      | Reached skill level 6 in Unarmed Combat
   456 | D:6      | Reached XP level 6. HP: 28/53 MP: 6/6
   488 | D:6      | Found a sand-covered staircase.
   561 | Ossuary  | Entered an ossuary
   586 | D:6      | atheist shit
   856 | D:8      | Noticed an orc warrior
   867 | D:8      | Killed an orc warrior
   867 | D:8      | Reached skill level 7 in Unarmed Combat
   867 | D:8      | Reached XP level 7. HP: 59/59 MP: 7/7
   927 | D:8      | Found a shattered altar of Ashenzari.
   934 | D:8      | Became a worshipper of Ashenzari the Shackled
   983 | D:8      | Noticed Prince Ribbit
   993 | D:8      | Reached skill level 8 in Unarmed Combat
   997 | D:8      | Killed Prince Ribbit
  1022 | D:8      | Quit the game

Vault maps used:
D:1:      dpeg_arrival_stone_temple_mockup
D:2:      lemuel_doored_altar, serial_bayou_pond_a
D:3:      grunt_temple_overflow_opulence, marbit_many_paths,
          gammafunk_temple_overflow_pools, gup_sewer_entry_bowl, first_bread,
          minmay_shallow_snake_nest, uniq_terence
D:6:      okawaru_trees_2, serial_shops, shop_statue, nicolae_shop_statue_plus,
          gup_ossuary_entry_pyramid
D:8:      minmay_bloctagon_deflated, ashenzari_altar_1, david_nohive_1,
          uniq_prince_ribbit1
Ossuary:  ossuary_due_pyramid

Skill      XL: |  1  2  3  4  5  6  7 |
---------------+----------------------+-----
Unarmed Combat | 2 4 5 6 7 8 |  8.9
Dodging        | |  1.5
Stealth        | |  1.1
Spellcasting   | |  1.2
Conjurations   | |  0.6
Ice Magic      | |  2.1

Action                   |  1- 3 |  4- 6 |  7- 9 || total
-------------------------+-------+-------+-------++-------
Melee: Unarmed           |    28 |    82 |    41 ||   151
       Punch             |       |     1 |     1 ||     2
  Use: Scroll            |       |     4 |     1 ||     5
       Potion            |       |     2 |     1 ||     3
 Stab: Sleeping          |     1 |       |       ||     1
  Eat: Chunk             |     2 |     3 |     7 ||    12
Armor: Robe              |     7 |    18 |     2 ||    27
       Skin              |       |    10 |    20 ||    30
Dodge: Dodged            |    11 |    31 |    17 ||    59
